 Dungeon Crawl Stone Soup version 0.30.0-5-g1a98f26d00 (webtiles) character file.

Game seed: 6773770849480027548

1213 konerai the Cutter (level 8, -7/78 HPs)
             Began as a Troll Delver on May 12, 2023.
             Was an Initiate of Hepliaklqana.
             Mangled by a red ugly thing (15 damage)
             ... on level 6 of the Dungeon.
             The game lasted 00:19:30 (3305 turns).

konerai the Cutter (Troll Delver)                   Turns: 3305, Time: 00:19:31

Health: -7/78      AC:  4    Str: 23    XL:     8   Next: 22%
Magic:  7/7        EV: 11    Int:  6    God:    Hepliaklqana [......]
Gold:   316        SH:  0    Dex: 14    Spells: 7/7 levels left

rFire   + . .        h - +3 short sword (flame)
rCold   . . .        (no shield)
rNeg    . . .        b - +0 robe
rPois   .            (helmet restricted)
rElec   .            f - scarf "Luze Dotei" {repulsion, Dex+3}
rCorr   .            (gloves unavailable)
SInv    .            (boots unavailable)
Will    .....        q - amulet of regeneration
Stlth   +++          (no ring)
HPRegen 1.93/turn    (no ring)
MPRegen 0.10/turn

%: repel missiles
@: mighty, unable to read
A: large, unfitting armour, claws 3, regeneration 1, shaggy fur 1, tough skin 1,
camouflage 1, fire resistance 1, inability to read after injury 1
a: Renounce Religion


You were on level 6 of the Dungeon.
You worshipped Hepliaklqana.
Hepliaklqana was noncommittal.
You visited 1 branch of the dungeon, and saw 6 of its levels.

You collected 316 gold pieces.

Inventory:

Hand Weapons
 h - a +3 short sword of flaming (weapon)
Missiles
 v - a javelin (quivered)
Armour
 b - a +0 robe (worn)
 f - the scarf "Luze Dotei" (worn) {repulsion, Dex+3}
   (You acquired it on level 1 of the Dungeon)

   Dex:       It affects your dexterity (+3).
Jewellery
 q - an amulet of regeneration (around neck)
Wands
 g - a wand of digging (3)
Scrolls
 a - a scroll of amnesia {unknown}
 c - 2 scrolls of fog
 d - 2 scrolls of magic mapping
 e - 2 scrolls of fear
 i - a scroll of poison
Potions
 j - a potion of lignification
 m - 3 potions of curing
 o - 2 potions of attraction
 p - 2 potions of brilliance


   Skills:
 + Level 4.0 Fighting
 + Level 4.1 Short Blades
 + Level 2.5 Maces & Flails
 + Level 3.1 Throwing
 + Level 3.8 Dodging
 + Level 3.6 Stealth
 + Level 0.9 Evocations


You had 7 spell levels left.
You didn't know any spells.
Your spell library was empty.

Dungeon Overview and Level Annotations

Branches:
Dungeon (6/15)             Temple (0/1) D:5

Altars:
Hepliaklqana
Makhleb
Vehumet
The Shining One

Shops:
D:5 (


Innate Abilities, Weirdness & Mutations

You are too large for most types of armour.
You have claws for hands.
Your natural rate of healing is unusually fast.
You are covered in fur. (AC +1)
You have tough skin. (AC +1)
Your skin changes colour to match your surroundings (Stealth+).
Your flesh is heat resistant. (rF+)
You occasionally lose the ability to read scrolls when taking damage.


Message History

The red ugly thing misses you.
You closely miss the red ugly thing.
The red ugly thing is lightly wounded.
The red ugly thing tail-slaps you!
You are engulfed in flames!
You resist.
You closely miss the red ugly thing.
The red ugly thing is lightly wounded.
The red ugly thing tail-slaps you.
You are engulfed in flames!
You resist.
You hit the red ugly thing.
The red ugly thing is lightly wounded.
The red ugly thing barely misses you.
You hit the red ugly thing.
The red ugly thing is lightly wounded.
You hit the red ugly thing but do no damage.
The red ugly thing is lightly wounded.
The red ugly thing looks more healthy.
The red ugly thing closely misses you.
You hit the red ugly thing.
The red ugly thing is lightly wounded.
The red ugly thing tail-slaps you.
You are engulfed in flames!
You resist.
You closely miss the red ugly thing.
The red ugly thing is lightly wounded.
The red ugly thing tail-slaps you.
You are engulfed in flames!
You resist.
You hit the red ugly thing.
The red ugly thing is moderately wounded.
The red ugly thing tail-slaps you.
* * * LOW HITPOINT WARNING * * *
You are engulfed in flames!
You resist.
* * * LOW HITPOINT WARNING * * *
You hit the red ugly thing.
The red ugly thing is moderately wounded.
You hit the red ugly thing. You burn the red ugly thing.
The red ugly thing is moderately wounded.
The red ugly thing tail-slaps you.
* * * LOW HITPOINT WARNING * * *
You are engulfed in flames!
You resist.
* * * LOW HITPOINT WARNING * * *
It was a potion of might.
You feel very mighty all of a sudden. The red ugly thing tail-slaps you!
You feel threatened and lose the ability to read scrolls!
You die...

(.. #.. .... ...# ..##
#.... ..... ..#####....
...(<##........# ##.
........#.....# ....
.............####...
......u.....#.........
#..@....#...# ...
#.(.)..)...###...#
.^...........##...#
........####)).....#
........# #..)...###
.................###....###
#...... ...##..........##
#..... ... #..........##
#..#.## .# #...........##


You could see a red ugly thing.

Vanquished Creatures
  Grinder (D:5)
  Duvessa (D:5)
  A black bear (D:5)
  A sky beast (D:6)
  An ice beast (D:5)
  An ogre (D:6)
  A phantom (D:4)
  2 scorpions
  Dowan (D:5)
  A gnoll bouda (D:5)
  A sleepcap (D:5)
  3 orc wizards
  5 gnolls (D:5)
  3 adders
  A white imp (D:5)
  An ufetubus (D:5)
  4 worms
  15 orcs
  8 ball pythons
  3 bats
  4 endoplasms
  A giant cockroach (D:2)
  5 goblins
  6 hobgoblins
  6 jackals
  4 quokkas
  3 frilled lizards
  8 kobolds
  2 rats
94 creatures vanquished.

Notes
Turn   | Place    | Note
-------+----------+-------------------------------------------
     0 | D:5      | konerai the Troll Delver began the quest for the Orb.
     0 | D:5      | Reached XP level 1. HP: 22/22 MP: 0/0
    11 | D:5      | Noticed an orc wizard
    20 | D:5      | Noticed a black bear
    22 | D:5      | Noticed Duvessa
    22 | D:5      | Noticed a gnoll bouda
    22 | D:5      | Noticed Dowan
    31 | D:5      | Noticed a sleepcap
   277 | D:4      | Reached XP level 2. HP: 26/29 MP: 1/1
   306 | D:4      | Found a radiant altar of Vehumet.
   540 | D:1      | Identified a scroll of acquirement
   540 | D:1      | Acquired the scarf "Luze Dotei" {repulsion, Dex+3}
   571 | D:1      | Reached XP level 3. HP: 32/36 MP: 2/2
  1876 | D:4      | Reached XP level 4. HP: 44/44 MP: 3/3
  1924 | D:4      | Noticed a scorpion
  1930 | D:4      | Killed a scorpion
  1931 | D:4      | Reached skill level 1 in Short Blades
  1942 | D:4      | Reached XP level 5. HP: 41/53 MP: 4/4
  2028 | D:4      | Noticed a phantom
  2039 | D:4      | Killed a phantom
  2234 | D:4      | Found a hazy altar of Hepliaklqana.
  2234 | D:4      | Found a burning altar of Makhleb.
  2241 | D:4      | Became a worshipper of Hepliaklqana the Forgotten
  2405 | D:5      | Found Tugeff's Weapon Shoppe.
  2405 | D:5      | Noticed Grinder
  2450 | D:5      | Paralysed by Grinder for 3 turns
  2454 | D:5      | Killed Grinder
  2455 | D:5      | Reached skill level 1 in Throwing
  2455 | D:5      | Reached XP level 6. HP: 57/61 MP: 5/5
  2521 | D:5      | Reached XP level 7. HP: 49/67 MP: 6/6
  2560 | D:5      | Killed Duvessa
  2575 | D:5      | Killed Dowan
  2602 | D:5      | Found a glowing golden altar of the Shining One.
  3113 | D:5      | Found a staircase to the Ecumenical Temple.
  3144 | D:6      | Reached XP level 8. HP: 78/78 MP: 7/7
  3148 | D:6      | Gained mutation: Your skin changes colour to match your
                  | surroundings (Stealth+). [potion of mutation]
  3148 | D:6      | Gained mutation: You occasionally lose the ability to read
                  | scrolls when taking damage. [potion of mutation]
  3148 | D:6      | Gained mutation: Your flesh is heat resistant. (rF+)
                  | [potion of mutation]
  3287 | D:6      | Noticed a red ugly thing
  3305 | D:6      | Mangled by a red ugly thing

Illustrated notes

Levels and vault maps discovered:
D:1:      minmay_arrival_widening_spiral_wide, layout_basic
D:2:      layout_basic
D:3:      layout_rooms, palyth_stone_intersect, minivault_24
D:4:      layout_loops_ring, vehumet_crystals, amethyst_overflow_temple_binary,
          nicolae_elevator_lobby_plus
D:5:      layout_cave_pools, tso_metal_star, temple_fountains, serial_shops,
          nicolae_square_shop, corexii_shack, uniq_grinder, uniq_duvessa
D:6:      layout_cave_pools, minmay_manual_maat

Skill      XL: |  1  2  3  4  5  6  7  8 |
---------------+-------------------------+-----
Stealth        | 3 |  3.6
Maces & Flails | 2 |  2.5
Dodging        | 2 3 |  3.8
Fighting       | 3 4 |  4.0
Short Blades   | 1 2 4 |  4.1
Throwing       | 1 2 3 |  3.1
Evocations     | |  0.9

Action                     |  1- 3 |  4- 6 |  7- 9 || total
---------------------------+-------+-------+-------++-------
  Melee: Mace              |    56 |       |       ||    56
         Punch             |     4 |     2 |     6 ||    12
         Short sword       |    65 |    68 |   161 ||   294
  Throw: Javelin           |       |    10 |     6 ||    16
         Dart              |       |     6 |    25 ||    31
  Evoke: Wand              |       |       |    13 ||    13
    Use: Potion            |     1 |       |     2 ||     3
         Scroll            |     5 |       |     6 ||    11
   Stab: Sleeping          |     5 |       |       ||     5
 Armour: Robe              |    59 |    13 |    31 ||   103
  Dodge: Dodged            |    98 |    25 |    95 ||   218
         Repelled          |       |       |     4 ||     4
